 Dungeon Crawl Stone Soup version 0.32-a0-616-g9348d4545b (webtiles) character file.

Game seed: 5560594599715246902

249 Dittersdorf the Shield-Bearer (level 6, -3/39 HPs)
             Began as a Gargoyle Fighter on Mar 5, 2024.
             Was an Initiate of Gozag.
             Slain by an ogre
             ... wielding a +0 giant club
              (25 damage)
             ... on level 5 of the Dungeon.
             The game lasted 00:02:29 (2928 turns).

Dittersdorf the Shield-Bearer (Gargoyle Fighter)    Turns: 2928, Time: 00:02:29

Health: -3/39      AC: 14    Str: 24    XL:     6   Next: 12%
Magic:  6/6        EV: 10    Int:  8    God:    Gozag
Gold:   158        SH:  5    Dex: 17    Spells: 5/5 levels left

rFire   . . .        a - +0 flail
rCold   . . .        c - +0 buckler
rNeg    + . .        q - +4 ring mail "Oriffagh" {rPois Regen+ Str-4 Dex+2}
rPois   ∞            (no helmet)
rElec   +            (no cloak)
rCorr   .            (no gloves)
SInv    .            (no boots)
Will    .....        (no amulet)
Stlth   +            j - +6 ring of dexterity
HPRegen 1.06/turn    o - +6 ring of strength
MPRegen 0.10/turn

%: no passive effects
@: no status effects
A: sickness immunity, AC +4, negative energy resistance 1, electricity
resistance, torment resistance 1, petrification resistance
a: Renounce Religion, Potion Petition, Call Merchant, Bribe Branch


You were on level 5 of the Dungeon.
You worshipped Gozag.
Gozag was aware of your devotion.
You visited 2 branches of the dungeon, and saw 6 of its levels.

You collected 212 gold pieces.
You paid 54 gold pieces to Gozag.

Inventory:

Hand Weapons
 a - a +0 flail (weapon)
Armour
 c - a +0 buckler (worn)
 q - the +4 ring mail "Oriffagh" (worn) {rPois Regen+ Str-4 Dex+2}
   (You found it on level 2 of the Dungeon)

   Str-4:     It affects your strength (-4).
   Dex+2:     It affects your dexterity (+2).
   rPois:     It protects you from poison.
   Regen+:    It increases your rate of health regeneration.
Jewellery
 j - a +6 ring of dexterity (left hand)
 o - a +6 ring of strength (right hand)
Wands
 r - a wand of digging (6)
Scrolls
 e - a scroll of torment {unknown}
 f - a scroll of vulnerability {unknown}
 g - a scroll of noise {unknown}
 h - 2 scrolls of fog {unknown}
 i - a scroll of immolation {unknown}
 k - 4 scrolls of identify {unknown}
 l - a scroll of teleportation {unknown}
 n - a scroll of brand weapon {unknown}
 s - a scroll of amnesia {unknown}
 t - a scroll of poison {unknown}
Potions
 b - 2 potions of degeneration {unknown}
 d - a potion of might
 m - 2 potions of lignification {unknown}
 p - a potion of attraction {unknown}
 v - a potion of enlightenment {unknown}


   Skills:
 + Level 4.6 Fighting
 + Level 3.4 Maces & Flails
 + Level 4.6 Armour
 + Level 4.6 Shields


You had 5 spell levels left.
You didn't know any spells.
Your spell library contained the following spells:

 Spells                   Type           Power      Damage    Failure   Level
 Shock                    Conj/Air       0%         1d3       61%         1
 Swiftness                Air            0%         N/A       93%         3
 Tukima's Dance           Hex            0%         N/A       93%         3
 Airstrike                Air            0%         2d(0-16)  100%        4
 Passage of Golubria      Tloc           0%         N/A       100%        4
 Yara's Violent Unravell  Hex/Alch       0%         3d3       100%        5


Dungeon Overview and Level Annotations

Branches:
Dungeon (5/15)             Temple (1/1) D:4

Altars:
Ashenzari
Cheibriados
Dithmenos
Elyvilon
Fedhas
Gozag
Hepliaklqana
Nemelex Xobeh
Okawaru
Qazlal
Ru
Trog
Uskayaw
Vehumet
Wu Jian
Xom
Yredelemnul
Zin

Shops:
D:3 :

Annotations:
Temple 2 transporters


Innate Abilities, Weirdness & Mutations

You are immune to sickness and miasma.
Your stone body is resilient. (AC +4)
You are immune to poison.
You resist negative energy. (rN+)
You are resistant to electric shocks. (rElec)
You are resistant to unholy torment.
You are immune to petrification.


Message History

The ogre barely misses you.
You hit the ogre but do no damage.
The ogre is lightly wounded.
The ogre hits you with a +0 giant club!!
Ouch! That really hurt!
You are too injured to fight recklessly!
You are too injured to fight recklessly!
You are too injured to fight recklessly!
You are too injured to fight recklessly!
You are too injured to fight recklessly!
You are too injured to fight recklessly!
You are too injured to fight recklessly!
You are too injured to fight recklessly!
You are too injured to fight recklessly!
You are too injured to fight recklessly!
You are too injured to fight recklessly!
You are too injured to fight recklessly!
You are too injured to fight recklessly!
You are too injured to fight recklessly!
You are too injured to fight recklessly!
You are too injured to fight recklessly!
You are too injured to fight recklessly!
You are too injured to fight recklessly!
You are too injured to fight recklessly!
You are too injured to fight recklessly!
You are too injured to fight recklessly!
You sock the ogre!
The ogre is moderately wounded.
You barely miss the ogre.
The ogre is moderately wounded.
The ogre barely misses you.
You closely miss the ogre.
The ogre is moderately wounded.
The ogre barely misses you.
You barely miss the ogre.
The ogre is moderately wounded.
The ogre hits you with a +0 giant club!!
Ouch! That really hurt!
You die...
Your body crumbles into a pile of gold.

# # .. ...##
#.#
......###...#
#..@O...#
#....#####...#
... ... # <


You could see an ogre.

Vanquished Creatures
  A centaur (D:4)
  A bombardier beetle (D:3)
  2 jellies (D:4)
  An adder (D:4)
  3 dart slugs
  3 ribbon worms
  5 orcs (D:3)
  9 endoplasms
  2 giant cockroaches
  3 goblins
  4 hobgoblins
  3 jackals (D:1)
  A quokka (D:2)
  8 ball pythons
  4 bats
  4 frilled lizards (D:1)
  5 kobolds
  2 rats
61 creatures vanquished.

Notes
Turn   | Place    | Note
-------+----------+-------------------------------------------
     0 | D:1      | Dittersdorf the Gargoyle Fighter began the quest for the
                  | Orb.
     0 | D:1      | Reached XP level 1. HP: 14/14 MP: 1/1
    57 | D:1      | Reached XP level 2. HP: 19/19 MP: 2/2
   327 | D:1      | Reached XP level 3. HP: 18/23 MP: 3/3
  1185 | D:2      | Identified the +4 ring mail "Oriffagh" {rPois Regen+ Str-4
                  | Dex+2}
  1528 | D:3      | Reached XP level 4. HP: 29/29 MP: 4/4
  1928 | D:3      | Found Xuuffusi's Book Emporium.
  2060 | D:4      | Reached XP level 5. HP: 16/33 MP: 5/5
  2376 | D:4      | Noticed a centaur
  2390 | D:4      | Killed a centaur
  2391 | D:4      | Reached XP level 6. HP: 37/39 MP: 6/6
  2476 | D:4      | Found a staircase to the Ecumenical Temple.
  2517 | Temple   | Found a transporter.
  2517 | Temple   | Found a transporter.
  2517 | Temple   | Found a transporter.
  2517 | Temple   | Found a transporter.
  2517 | Temple   | Entered the Ecumenical Temple
  2535 | Temple   | Became a worshipper of Gozag Ym Sagoz the Greedy
  2595 | D:4      | Found a blossoming altar of Fedhas.
  2919 | D:5      | Entered Level 5 of the Dungeon
  2928 | D:5      | Slain by an ogre

Illustrated notes

Levels and vault maps discovered:
D:1:      minmay_arrival_checkered_box, layout_basic, minivault_26
D:2:      layout_rooms
D:3:      layout_loops_cross, serial_shops, nicolae_shop_stone
D:4:      layout_basic, mainiacjoe_overflow_cross_hatched,
          minmay_temple_entry_poolview, grunt_ministairs_4
D:5:      layout_rooms
Temple:   hellmonk_temple_divided_pantheon

Skill      XL: |  1  2  3  4 |
---------------+-------------+-----
Fighting       | 4 |  4.6
Armour         | 4 |  4.6
Shields        | 4 |  4.6
Maces & Flails | 3 |  3.4

Action                     |  1- 3 |  4- 6 || total
---------------------------+-------+-------++-------
  Melee: Flail             |   113 |    73 ||   186
   Stab: Sleeping          |       |     1 ||     1
 Armour: Scale mail        |    39 |       ||    39
         Chain mail        |    37 |       ||    37
         Ring mail         |    13 |    71 ||    84
  Dodge: Dodged            |    71 |    37 ||   108
  Block: Buckler           |    34 |    17 ||    51

Table legend: (Time is in decaauts)
 A = Elapsed time spent in this place.
 B = Non-inter-level travel time spent in this place.
 C = Inter-level travel time spent in this place.
 D = Time resting spent in this place.
 E = Time spent auto-exploring this place.
 F = Levels seen in this place.
 G = Mean time per level.
                   A        B        C        D        E       F      G
               +--------+--------+--------+--------+--------+-----+--------+
         Total |   2981 |   2730 |    251 |     29 |   2193 |   6 |  496.8 |
       Dungeon |   2944 |   2725 |    219 |     29 |   2193 |   5 |  588.8 |
        Temple |     36 |      4 |     32 |      0 |      0 |   1 |   36.0 |
               +--------+--------+--------+--------+--------+-----+--------+

Top non-repeatable levels by time:
     D:1: 1021 daAuts
     D:4: 799 daAuts
     D:3: 629 daAuts
     D:2: 484 daAuts
  Temple: 36 daAuts
     D:5: 10 daAuts
